 Dungeon Sprint DCSS version 0.31-a0-700-gf13585253f (webtiles) character file.

Game seed: 2245340618001467528

4282 sircluck the Grappler (level 10, 0/111 HPs)
             Began as a Troll Berserker on Sept 7, 2023.
             Was the Champion of Trog.
             Slain by a killer bee (1 damage)
             ... in the Dungeon (Sprint III: "The Ten Rune Challenge").
             The game lasted 00:03:40 (709 turns).

sircluck the Grappler (Troll Berserker)              Turns: 709, Time: 00:03:40

Health: 0/111      AC:  6    Str: 31    XL:     10   Next: 10%
Magic:  9/9        EV: 12    Int:  3    God:    Trog [******]
Gold:   14         SH:  0    Dex:  9    Spells: 9/9 levels left

rFire   . .          .
                       - Unarmed
rCold   . . .        (no shield)
rNeg    . . .        a - +0 animal skin
rPois   .            (helmet restricted)
rElec   .            i - +0 cloak
rCorr   .            (gloves unavailable)
SInv    .            (boots unavailable)
Will    +....        (no amulet)
Stlth   ++           (no ring)
HPRegen 1.18/turn    (no ring)
MPRegen 0.11/turn

%: no teleportation
@: lethally poisoned (0 -> -2)
A: large, unfitting armour, claws 3, regeneration 1, shaggy fur 1, tough skin 1,
thin skeletal structure 1, clumsy 1, strong-willed 1, sturdy frame 1
a: Renounce Religion, Berserk, Trog's Hand, Brothers in Arms


You were in the Dungeon.
You worshipped Trog.
Trog was exalted by your worship.
You visited 1 branch You collected 14 gold pieces.

Inventory:

Armour
 a - a +0 animal skin (worn)
 i - a +0 cloak (worn)
Wands
 o - a wand of flame (17)
 q - a wand of roots (11)
Scrolls
 g - a scroll of blinking
 h - a scroll of silence {unknown}
 k - a scroll of immolation {unknown}
 l - 2 scrolls of identify {unknown}
 n - a scroll of poison (quivered)
Potions
 d - a potion of haste
 e - 2 potions of magic
 f - a potion of berserk rage
 j - 4 potions of mutation
 m - 3 potions of enlightenment
Miscellaneous
 p - a box of beasts


   Skills:
 + Level 10.7 Fighting
 + Level 9.7 Armour
 + Level 10.6 Dodging
 + Level 12.6 Unarmed Combat


You had 9 spell levels left.
You didn't know any spells.
Your spell library was empty.

Dungeon Overview and Level Annotations

Branches:
Dungeon (1/1)

Altars:
Cheibriados
Dithmenos
Elyvilon
Fedhas
Gozag
Hepliaklqana
Kikubaaqudgha
Makhleb
Nemelex Xobeh
Okawaru
Qazlal
Ru
Sif Muna
Trog
Uskayaw
Vehumet
Wu Jian
Xom
Yredelemnul
Zin
The Shining One
Jiyva
Lugonu


Innate Abilities, Weirdness & Mutations

You are too large for most types of armour.
You have claws for hands.
Your natural rate of healing is unusually fast.
You are covered in fur. (AC +1)
You have tough skin. (AC +1)
You have a somewhat thin skeletal structure. (Dex +2, Stealth+)
You are clumsy. (Dex -2)
You are strong-willed. (Will+)
Your movements are slightly less encumbered by armour. (ER -2)


Message History

You feel sick.
The killer bee stings you but does no damage.
You barely miss the killer bee.
The killer bee is almost dead.
You feel sick. The killer bee stings you.
* * * LOW HITPOINT WARNING * * *
You are more poisoned.
The killer bee poisons you! The killer bee stings you.
* * * LOW HITPOINT WARNING * * *
You barely miss the killer bee.
The killer bee is almost dead.
You feel sick. The killer bee closely misses you.
The killer bee completely misses you.
Unknown command.
The killer bee buzzes angrily.
You eviscerate the killer bee!!!
You kill the killer bee!
Trog accepts your kill.
You feel sick.
You hear an angry buzzing noise.
A killer bee comes into view.
You mangle the killer bee!!
You kill the killer bee!
Trog accepts your kill.
You feel sick.
You closely miss the killer bee. Your claw misses the killer bee.
You feel sick. The killer bee closely misses you.
You closely miss the killer bee.
You feel sick. The killer bee stings you.
* * * LOW HITPOINT WARNING * * *
The killer bee stings you.
* * * LOW HITPOINT WARNING * * *
You are lethally poisoned!
The killer bee poisons you!
The air fills with toxic fumes!
As you read the scroll labelled HAGESH UWNEYMI, it crumbles to dust.
It was a scroll of poison.
* * * LOW HITPOINT WARNING * * *
You feel very sick. The killer bee closely misses you.
The killer bee stings you.
You die...

###########################
.~~~'.#.'...§§#.#.#§§.yy~≈#
#§§~#)#.#...##§#.#y##...~≈#
#§§§#.#.#)).#.#§#y#)#


yyy≈≈ #.)§#...#)..##.#@#.## y~y~ ▓▓▓▓▓▓▓▓▓▓▓▓#.#§#§#.# y.. ##§#.#§## ..
+§#.#.#§# . ##.#.#.## #+##### You could see 2 killer bees.

Vanquished Creatures
  Erica (D)
  A centaur warrior (D)
  A deep elf pyromancer (D)
  An unseen horror (D)
  A queen bee (D)
  A shadow (D)
  A spatial vortex (D)
  2 centaurs (D)
  An earth elemental (D)
  A necrophage (D)
  A water elemental (D)
  17 killer bees (D)
  A jelly (D)
  Crazy Yiuf (D)
  A wizard (D)
  A necromancer (D)
  3 humans (D)
  A kobold demonologist (D)
  2 endoplasms (D)
  2 rats (D)
41 creatures vanquished.

Vanquished Creatures (collateral kills)
  10 killer bees (D)
10 creatures vanquished.

Grand Total: 51 creatures vanquished

Notes
Turn   | Place    | Note
-------+----------+-------------------------------------------
     0 | D        | sircluck the Troll Berserker began the quest for the Orb.
     0 | D        | Reached XP level 1. HP: 22/22 MP: 0/0
    17 | D        | Reached ** piety under Trog
    51 | D        | Reached skill level 4 in Unarmed Combat
    51 | D        | Reached XP level 2. HP: 15/31 MP: 1/1
    56 | D        | Noticed Crazy Yiuf
    63 | D        | Killed Crazy Yiuf
    64 | D        | Reached skill level 5 in Unarmed Combat
    64 | D        | Reached XP level 3. HP: 5/39 MP: 2/2
   104 | D        | Gained mutation: Your magical capacity is low. (-10% MP)
                  | [potion of mutation]
   104 | D        | Gained mutation: Potions are less effective at restoring
                  | your health. [potion of mutation]
   104 | D        | Gained mutation: You are strong-willed. (Will+) [potion of
                  | mutation]
   105 | D        | Lost mutation: Potions are less effective at restoring your
                  | health. [potion of mutation]
   105 | D        | Lost mutation: Your magical capacity is low. (-10% MP)
                  | [potion of mutation]
   105 | D        | Gained mutation: You have a somewhat thin skeletal
                  | structure. (Dex +2, Stealth+) [potion of mutation]
   105 | D        | Gained mutation: You are clumsy. (Dex -2) [potion of
                  | mutation]
   105 | D        | Gained mutation: Your movements are slightly less
                  | encumbered by armour. (ER -2) [potion of mutation]
   128 | D        | Noticed a water elemental
   130 | D        | Killed a water elemental
   130 | D        | Reached *** piety under Trog
   131 | D        | Reached XP level 4. HP: 49/49 MP: 3/3
   169 | D        | Found a radiant altar of Vehumet.
   169 | D        | Found a shimmering blue altar of Sif Muna.
   169 | D        | Found an ancient bone altar of Kikubaaqudgha.
   169 | D        | Noticed a wizard
   173 | D        | Killed a wizard
   174 | D        | Reached skill level 5 in Fighting
   174 | D        | Reached skill level 5 in Dodging
   174 | D        | Reached skill level 6 in Unarmed Combat
   176 | D        | Reached XP level 5. HP: 53/57 MP: 4/4
   203 | D        | Found a basalt altar of Yredelemnul.
   203 | D        | Found a shadowy altar of Dithmenos.
   203 | D        | Found a sacrificial altar of Ru.
   206 | D        | Reached **** piety under Trog
   213 | D        | Reached skill level 7 in Unarmed Combat
   224 | D        | Found a hide-covered altar of Uskayaw.
   224 | D        | Found an iron altar of Okawaru.
   224 | D        | Found a bloodstained altar of Trog.
   224 | D        | Found an ornate altar of the Wu Jian Council.
   224 | D        | Noticed a human
   226 | D        | Noticed a human
   234 | D        | Killed a human
   235 | D        | Reached XP level 6. HP: 65/68 MP: 5/5
   244 | D        | Killed a human
   245 | D        | Reached skill level 5 in Armour
   245 | D        | Reached skill level 8 in Unarmed Combat
   245 | D        | Reached XP level 7. HP: 53/78 MP: 6/6
   280 | D        | Found a glowing silver altar of Zin.
   281 | D        | Found a glowing golden altar of the Shining One.
   281 | D        | Found a white marble altar of Elyvilon.
   281 | D        | Noticed a deep elf pyromancer
   286 | D        | Noticed a fire elemental
   286 | D        | Noticed a fire elemental
   288 | D        | Noticed a fire elemental
   290 | D        | Killed a deep elf pyromancer
   290 | D        | Reached ***** piety under Trog
   291 | D        | Reached skill level 9 in Unarmed Combat
   312 | D        | Noticed a shadow
   315 | D        | Killed a shadow
   316 | D        | Reached XP level 8. HP: 80/88 MP: 7/7
   322 | D        | Found a blossoming altar of Fedhas.
   322 | D        | Found a stormy altar of Qazlal.
   322 | D        | Found a snail-covered altar of Cheibriados.
   322 | D        | Found a burning altar of Makhleb.
   322 | D        | Found a shimmering altar of Xom.
   323 | D        | Found a hazy altar of Hepliaklqana.
   323 | D        | Found an opulent altar of Gozag.
   323 | D        | Found a sparkling altar of Nemelex Xobeh.
   323 | D        | Found a corrupted altar of Lugonu.
   323 | D        | Found a viscous altar of Jiyva.
   346 | D        | Noticed Erica
   353 | D        | Killed Erica
   354 | D        | Reached skill level 10 in Unarmed Combat
   399 | D        | Identified the +0 great sword "Sharp Grum" {antimagic,
                  | Drain Str+4 Dex+5} (Trog gifted it to you in the Dungeon)
   399 | D        | Received a gift from Trog
   433 | D        | Noticed a centaur warrior
   436 | D        | Reached XP level 9. HP: 73/98 MP: 8/8
   445 | D        | HP: 5/147 [centaur warrior (3)]
   446 | D        | Reached skill level 11 in Unarmed Combat
   448 | D        | Killed a centaur warrior
   553 | D        | Killed an unseen horror
   594 | D        | Noticed a queen bee
   596 | D        | Reached skill level 10 in Fighting
   596 | D        | Reached skill level 10 in Dodging
   631 | D        | Killed a queen bee
   631 | D        | Reached ****** piety under Trog
   632 | D        | Reached skill level 12 in Unarmed Combat
   634 | D        | Received a gift from Trog
   670 | D        | Received a gift from Trog
   683 | D        | Reached XP level 10. HP: 41/111 MP: 9/9
   696 | D        | Identified the +11 great sword of Guile {flame, Dex+2 SInv}
                  | (Trog gifted it to you in the Dungeon)
   696 | D        | Received a gift from Trog
   708 | D        | HP: 3/111 [killer bee (4)]
   709 | D        | HP: 1/111 [poisoned by a killer bee]
   709 | D        | Slain by a killer bee

Illustrated notes

Levels and vault maps discovered:
D:        dungeon_sprint_mu [sprint_mu_entry_forest, sprint_mu_temple_rooms,
          sprint_mu_d1_horrors, sprint_mu_d2_genie, sprint_mu_d3_branching,
          sprint_mu_orc_legion, sprint_mu_elf_gauntlet, sprint_mu_hive_nellie,
          sprint_mu_lair_fedhas, sprint_mu_vaults_butterflies,
          sprint_mu_slime_circle, sprint_mu_shoals_kraken,
          sprint_mu_snake_twists, sprint_mu_blade_basic, sprint_mu_crypt_lich,
          sprint_mu_tomb_spiral, sprint_mu_vestibule_basic,
          sprint_mu_gehenna_hellfire, sprint_mu_dis_giant,
          sprint_mu_tartarus_statrot, sprint_mu_cocytus_islands, sprint_mu_zot1]

Skill      XL: |  1  2  3  4  5  6  7  8  9 |
---------------+----------------------------+-----
Fighting       | 3 4 5 6 7 8 9 10 | 10.7
Dodging        | 3 4 5 6 7 8 9 10 | 10.6
Unarmed Combat | 4 5 6 7 8 9 10 12 | 12.6
Armour         | 2 4 5 6 8 9 |  9.7

Action                     |  1- 3 |  4- 6 |  7- 9 | 10-12 || total
---------------------------+-------+-------+-------+-------++-------
  Melee: Unarmed           |    28 |    32 |    79 |    24 ||   163
         Punch             |       |       |     1 |     2 ||     3
 Invoke: Berserk           |     1 |     1 |     2 |       ||     4
         Brothers in Arms  |       |       |     2 |       ||     2
  Evoke: Wand              |       |       |       |     1 ||     1
    Use: Potion            |     2 |       |     2 |     1 ||     5
         Scroll            |       |       |       |     1 ||     1
   Stab: Sleeping          |       |       |     3 |       ||     3
 Armour: Animal skin       |    14 |    18 |    93 |    18 ||   143
  Dodge: Dodged            |    13 |     9 |    53 |    14 ||    89

Table legend: (Time is in decaauts)
 A = Elapsed time spent in this place.
 B = Non-inter-level travel time spent in this place.
 C = Inter-level travel time spent in this place.
 D = Time resting spent in this place.
 E = Time spent auto-exploring this place.
 F = Levels seen in this place.
 G = Mean time per level.
                   A        B        C        D        E       F      G
               +--------+--------+--------+--------+--------+-----+--------+
         Total |    709 |    709 |      0 |    237 |     43 |   1 |  709.0 |
       Dungeon |    709 |    709 |      0 |    237 |     43 |   1 |  709.0 |
               +--------+--------+--------+--------+--------+-----+--------+

Top non-repeatable levels by time:
       D: 709 daAuts
